Unix xNetHack Version 8.0.0 - last build Jun 13 2023 01:05:28 (4b7ecc64c373f7294607d497be3f7ce1783331ac). Game began 2023-07-03 07:00:41, ended 2023-07-03 07:13:01. wvc, neutral male human Archeologist ---h- ####%...+ # |dd.| ## |@d.| | -+--- # ----- |.$..... |(..| # |...%........... ..<.-### --------------- ----- Wvc the Field Worker St:13 Dx:10 Co:12 In:15 Wi:17 Ch:9 Neutral S:388 Dlvl:3 $:32 HP:0(32) Pw:17(17) AC:6 Xp:3/64 T:1152 Latest messages: You hear Pervari cursing shoplifters. You descend the stairs. You see here a pick-axe. You hear a jackal howling at the moon. The werejackal changes into a human. The werejackal picks up an egg. You strike the werejackal. The werejackal punches you! The werejackal changes into a jackal. You miss the werejackal. The werejackal bites! You avoid harm. You hit the werejackal. Your mithril elven ring mail blocks the werejackal's attack. You hit the werejackal. The werejackal bites! You hit the werejackal. The werejackal summons help! A jackal suddenly appears next to you! The werejackal bites! The werejackal bites! You miss the jackal. The jackal just misses! You kill the jackal! There is a doorway here. You see here a jackal corpse. The werejackal bites! You smack the werejackal. The werejackal bites! You smack the werejackal. The werejackal summons help! A jackal suddenly appears next to you! A coyote suddenly appears next to you! A jackal suddenly appears next to you! A jackal suddenly appears next to you! The werejackal bites! The jackal bites! The werejackal bites! You bash the werejackal! The jackal bites! The jackal bites! The werejackal bites! You avoid harm. Are you sure you want to pray? [yn] (n) y You begin praying to Camaxtli. The jackal bites! The jackal bites! You die... Do you want your possessions identified? [ynq] (y) y Do you want to see your attributes? [ynq] (y) q Inventory: Inventory: 556/675 weight (16/52 slots) Coins ('$') $ - 32 gold pieces {1} Weapons (')') a - a +2 bullwhip (alternate weapon; not wielded) {20} Armor ('[') c - an uncursed +0 fedora (being worn) {3} t - an uncursed +0 mithril elven ring mail (being worn) {88} Comestibles ('%') d - 4 uncursed food rations {80} Scrolls ('?') C - a cursed scroll of taming {5} m - an uncursed scroll of teleportation {5} Potions ('!') s - a blessed potion of blindness {20} n - an uncursed potion of paralysis {20} D - a cursed potion of restore ability {20} Tools ('(') i - an empty uncursed sack {15} f - a +0 grappling hook {30} j - an uncursed oil lamp {20} r - an uncursed oil lamp {20} e - a +0 pick-axe (weapon in hand) {100} g - a tinning kit (0:77) {100} Gems/Stones ('*') h - an uncursed touchstone {10} Wvc the Archeologist's attributes: Background: You were a Field Worker, a level 3 male human Archeologist. You were neutral, on a mission for Camaxtli who was opposed by Quetzalcoatl (lawful) and Huhetotl (chaotic). You were heterosexual. You were in the Dungeons of Doom, on level 3. You entered the dungeon 1152 turns ago. There was a full moon in effect when your adventure ended. You had 64 experience points, 16 more were needed to attain level 4. Your score was 388 before end-of-game adjustments. Basics: You had 0 out of 32 hit points. You had all 17 energy points (spell power). Your armor class was 6. Your wallet contained 32 zorkmids. Autopickup was on for '$!"=?' plus thrown. Final Characteristics: Your strength was 13 (limit:18/100). Your dexterity was 10 (limit:18). Your constitution was 12 (limit:18). Your intelligence was 15 (limit:18). Your wisdom was 17 (limit:18). Your charisma was 9 (limit:18). Final Status: You were not hungry. You were unencumbered. You were wielding a pick-axe. You had basic skill with pick-axe. Final Attributes: You were devoutly aligned. You had automatic searching. You were guarded. You were lucky. You are dead. Miscellaneous: You never encountered a bones level. Total elapsed playing time was 12 minutes and 20 seconds. Major events: Turn 1: wvc the neutral male human Archeologist entered the dungeon 716: attained the rank of Field Worker (level 3) 885: entered the Gnomish Mines 1152: killed by a jackal, while praying Vanquished creatures: a coyote a hobbit 2 gnomes a gnome zombie 4 jackals 3 goblins a grid bug 2 lichens 6 kobold zombies 3 newts 24 creatures vanquished. No species were genocided or became extinct. Voluntary challenges: You were illiterate. You never had a pet. You never genocided any monsters. You never polymorphed an object. You never changed form. You never touched an artifact. You used no wishes. You never owned a pet. You never scared an enemy with impunity. You were celibate. You never generated conflict. Achievements: You entered a shop. You attained the rank of Field Worker. You entered the Gnomish Mines. Dungeon overview: The Dungeons of Doom: levels 1 to 3 Level 1: A sink. Level 2: An armor shop. Stairs down to The Gnomish Mines. Level 3: <- You were here. Final resting place for you, killed by a jackal, while praying. The Gnomish Mines: Level 3: Game over: __________ / \ / REST \ / IN \ / PEACE \ / \ | wvc | | 32 Au | | killed by a | | jackal | | | | | | 2023 | *| * * * | * _________)/\\_//(\/(/\)/\//\/|_)_______ Goodbye wvc the Archeologist... You died in The Dungeons of Doom on dungeon level 3 with 385 points, and 32 pieces of gold, after 1152 moves. You were level 3 with a maximum of 32 hit points when you died.